[Event "*** Titled Tuesday Blitz"]
[Site "Chess.com"]
[Date "2020.05.12"]
[Round "10"]
[White "StephenDedalus83"]
[Black "Reader777"]
[Result "1-0"]
[WhiteElo "2735"]
[BlackElo "2599"]
[TimeControl "180+1"]
[EndTime "11:52:16 PDT"]
[Termination "StephenDedalus83 won by resignation"]

1. e4 c5 2. Nf3 d6 3. d4 cxd4 4.
Nxd4 Nf6 5. Nc3 e6 6. g4 h6 7. h3 Be7 8. Be3 Nc6 9. Bg2 Ne5 10.
Qe2 g5 11. f4 gxf4 12. Bxf4 Bd7 13. O-O-O a6 14. Nf3 Qc7 15. Nxe5 dxe5 16. Be3 Bc6 17. Rhf1 b5 18. Qf2 b4 19. Nd5 exd5 20. exd5 Bxd5 21. Bxd5 Rd8 22. Bb6 Qc8 23. Bxd8 Bxd8 24. Qf5 Qc7 25.
Bb3 Be7 26. Ba4+ Kf8 27. Rd7 Qb6 28. Qxe5 Qe6 29. Qxe6 fxe6 30. Ra7 Kf7 31. Rxa6 Bc5 32. Bb3 Re8 33. Rc6 Be3+ 34. Kb1 Re7 35. a4 bxa3 36.
bxa3 Kg7 37. Rxe6 1-0

[Event "*** Titled Tuesday Blitz"]
[Site "Chess.com"]
[Date "2020.05.12"]
[Round "10"]
[White "Hippotaner"]
[Black "Harsha_Bharathakoti"]
[Result "0-1"]
[WhiteElo "2380"]
[BlackElo "2784"]
[TimeControl "180+1"]
[EndTime "11:52:16 PDT"]
[Termination "Harsha_Bharathakoti won by resignation"]

1. e4 c5 2. Nf3 d6 3. g3 Nf6 4. d3 g6 5. Bg2 Bg7 6. O-O O-O 7. h3 Nc6 8. Be3 Rb8 9. c3 b5 10.
e5 dxe5 11. Bxc5 Bb7 12. Re1 Qc7 13. Nbd2 Rbd8 14. Qe2 Nd7 15. Be3 Nb6 16. Bxb6 Qxb6 17. Ne4 h6 18. g4 Rd7 19. Rad1 Nd8 20. b4 Ne6 21. Nc5 Nxc5 22. bxc5 Qxc5 23. Nxe5 Bxe5 24. Qxe5 Qxe5 25. Rxe5 Bxg2 26. Kxg2 a6 27. Rc5 Rb8 28. a3 Kg7 29. f4 Rb6 30. Kf3 e6 31. d4 Rdd6 32.
h4 Rbc6 33. Rxc6 Rxc6 34. Rd3 Kf6 35. Ke4 Rc4 36. g5+ hxg5 37. fxg5+ Ke7 38. Ke5 Ra4 39.
d5 exd5 40. Kxd5 Rxa3 41. Re3+ Kf8 42. Kd4 Ra4+ 43. Kc5 Rxh4 44. Kb6 Ra4 45. Kc6 Kg7 46. Kd7 Rc4 47. Ke8 Rc5 48. Re7 Rc8+ 49. Kd7 Rxc3 50.
Ke8 Rc8+ 51. Kd7 Rc5 52. Ke8 Rf5 53. Kd7 b4 0-1

[Event "*** Titled Tuesday Blitz"]
[Site "Chess.com"]
[Date "2020.05.12"]
[Round "10"]
[White "Mimsychess"]
[Black "Hanging_pointer"]
[Result "0-1"]
[WhiteElo "2331"]
[BlackElo "2588"]
[TimeControl "180+1"]
[EndTime "11:52:17 PDT"]
[Termination "Hanging_pointer won by resignation"]

1. c4 c6 2. Nf3 d5 3. g3 Nf6 4.
Bg2 Bf5 5. cxd5 cxd5 6. Qb3 Bc8 7. Nc3 e6 8. O-O Be7 9. d3 O-O 10. e4 d4 11. Ne2 Nc6 12. Bd2 e5 13. a3 Be6 14.
Qd1 a5 15. Ng5 Bg4 16. h3 Bd7 17. f4 Bd6 18. Rc1 h6 19. Nf3 Qe7 20. f5 a4 21.
g4 Na5 22. g5 hxg5 23. Bxg5 Nb3 24. Qe1 Nxc1 25. Nxc1 Rfc8 26. Qh4 Rc2 27. Nh2 Qd8 28.
Ng4 Be7 29. Nxe5 Qc7 30. Ng6 fxg6 31. fxg6 Qe5 32. Bxf6 Bxf6 33. Qh7+ Kf8 34. Qh8+ Ke7 35. Qxa8 Qg3 0-1

[Event "*** Titled Tuesday Blitz"]
[Site "Chess.com"]
[Date "2020.05.12"]
[Round "10"]
[White "dbrankovic68"]
[Black "DariaVoit"]
[Result "1-0"]
[WhiteElo "2430"]
[BlackElo "2516"]
[TimeControl "180+1"]
[EndTime "11:52:20 PDT"]
[Termination "dbrankovic68 won by resignation"]

1. e4 e6 2. Qe2 c5 3. Nf3 Nc6 4. g3 Nge7 5. Bg2 g6 6. d3 Bg7 7.
O-O b6 8. Re1 O-O 9. Nbd2 d5 10.
h4 h5 11. e5 b5 12. Nf1 a5 13. N1h2 Nf5 14. Bg5 Qc7 15. c3 b4 16. g4 hxg4 17. Nxg4 bxc3 18. bxc3 Ba6 19. Nf6+ Kh8 20. h5 Nce7 21. Bh3 d4 22. c4 Bb7 23. Nd2 Ng8 24.
f4 Bxf6 25. exf6 Ng3 26. Qh2 Qc6 27. Qxg3 gxh5 28. Ne4 1-0

[Event "*** Titled Tuesday Blitz"]
[Site "Chess.com"]
[Date "2020.05.12"]
[Round "10"]
[White "JoachimBN"]
[Black "Kapibara_Warri0r"]
[Result "1-0"]
[WhiteElo "2561"]
[BlackElo "2063"]
[TimeControl "180+1"]
[EndTime "11:52:20 PDT"]
[Termination "JoachimBN won on time"]

1. c4 e5 2. Nc3 Nf6 3. Nf3 Nc6 4. e4 Bc5 5. Nxe5 Bxf2+ 6. Kxf2 Nxe5 7. d4 Neg4+ 8. Kg1 h5 9. h3 Nh6 10. e5 Nfg8 11.
Qxh5 d6 12. Bg5 Qd7 13. Re1 dxe5 14. Rxe5+ Kf8 15. Rd5 g6 16. Rxd7 gxh5 17. Rd8+ Kg7 18. Nd5 c6 19. Nc7 Rb8 20. Bf4 Nf5 21. Ne8+ Kf8 22.
Bxb8 Ke7 23. Rxc8 Ngh6 24. Nd6 Rxc8 25. Nxc8+ Kd7 26. Nxa7 Nxd4 27. Bd3 f5 28. Bf4 Nf7 29. Kf2 1-0

[Event "*** Titled Tuesday Blitz"]
[Site "Chess.com"]
[Date "2020.05.12"]
[Round "10"]
[White "vovachesss"]
[Black "Grineva_Marianna"]
[Result "1-0"]
[WhiteElo "2596"]
[BlackElo "2153"]
[TimeControl "180+1"]
[EndTime "11:52:22 PDT"]
[Termination "vovachesss won by resignation"]

1. d4 d6 2. h4 Nf6 3. h5 h6 4. Nc3 c6 5. e4 Nbd7 6. f4 e6 7. Nf3 Be7 8. e5 Nd5 9. Ne4 dxe5 10. fxe5 O-O 11. c4 Nb4 12. a3 Na6 13. c5 b6 14. Qa4 Ndb8 15. b4 Nc7 16. Bd3 Ba6 17.
Bb1 Bb5 18. Qc2 f5 19. exf6 Bxf6 20. Nd6 Bh4+ 21. Rxh4 Qxh4+ 22. Nxh4 Rf1+ 23. Kd2 Rf2+ 24. Kc3 Rxc2+ 25. Bxc2 Nd5+ 26. Kb2 bxc5 27. dxc5 Nd7 28. Ng6 N7f6 29. Bd2 Be2 30. Ne5 Bxh5 31. Nxc6 Be2 32. Nd4 Bg4 33. b5 Rb8 34. c6 Nc7 35. a4 Nfd5 36. Ba5 e5 37. Nb3 Ne8 38. Nxe8 Rxe8 39.
Bd3 Kh8 40. Bc4 Nb6 41. Bxb6 axb6 42. a5 bxa5 43. b6 e4 44. b7 e3 45. c7 a4 46.
b8=Q Rc8 47. Rxa4 e2 48. Bxe2 Bd7 49. Ra8 Kh7 50. Bd3+ g6 51. Qxc8 Bxc8 52. Rxc8 Kg7 53.
Rd8 1-0

[Event "*** Titled Tuesday Blitz"]
[Site "Chess.com"]
[Date "2020.05.12"]
[Round "10"]
[White "Oglob71"]
[Black "diablanni"]
[Result "1-0"]
[WhiteElo "2489"]
[BlackElo "2312"]
[TimeControl "180+1"]
[EndTime "11:52:24 PDT"]
[Termination "Oglob71 won by checkmate"]

1. f3 e5 2. Nh3 d5 3. Nf2 Nf6 4. g3 Bc5 5. Bg2 O-O 6. O-O Re8 7. c3 Bb6 8. a4 c5 9. e3 Nc6 10. d3 Bf5 11. Na3 a6 12. Nc2 Qe7 13. Re1 Rad8 14. Qe2 Ba7 15. Bd2 e4 16. fxe4 dxe4 17.
d4 Bg6 18. b4 cxb4 19. cxb4 Nd5 20. b5 Ncb4 21. Nxb4 Nxb4 22. Reb1 Nd3 23. b6 Bb8 24. Nh3 Rc8 25. Ra2 Rc4 26. Nf4 Bxf4 27. gxf4 f5 28. Be1 Rec8 29. Bg3 Rc1+ 30. Rxc1 Rxc1+ 31. Bf1 Qe8 32. Rc2 Bh5 33. Qd2 Rd1 34. Qa5 g6 35. Qd5+ Kg7 36.
Qxb7+ Kh6 37. Bh4 Qe6 38. Bg5# 1-0

[Event "*** Titled Tuesday Blitz"]
[Site "Chess.com"]
[Date "2020.05.12"]
[Round "10"]
[White "Mikedannnn"]
[Black "Denis_Palkovich"]
[Result "1-0"]
[WhiteElo "2458"]
[BlackElo "2293"]
[TimeControl "180+1"]
[EndTime "11:52:25 PDT"]
[Termination "Mikedannnn won on time"]

1. e4 d5 2. exd5 Nf6 3. Nf3 Nxd5 4. d4 g6 5. c4 Nb6 6. Nc3 Bg7 7. Be3 O-O 8. Rc1 Bg4 9. Be2 Nc6 10. d5 Bxf3 11. gxf3 Ne5 12. b3 c6 13. f4 Ned7 14. Bf3 cxd5 15. c5 Nc8 16. Qxd5 Rb8 17. O-O e6 18.
Qd2 Ne7 19. Rfd1 Nf6 20. Qxd8 Rfxd8 21. Rxd8+ Rxd8 22. Bxb7 Nfd5 23. Nxd5 Nxd5 24. c6 Nc7 25. Bxa7 Bd4 26. Bxd4 Rxd4 27. Rc4 Rxc4 28. bxc4 Kf8 29. a4 Ke7 30. a5 Kd6 31. a6 1-0

[Event "*** Titled Tuesday Blitz"]
[Site "Chess.com"]
[Date "2020.05.12"]
[Round "10"]
[White "AsselLesbekova"]
[Black "Vamostodorecto"]
[Result "1-0"]
[WhiteElo "2274"]
[BlackElo "2419"]
[TimeControl "180+1"]
[EndTime "11:52:26 PDT"]
[Termination "AsselLesbekova won on time"]

1. e4 e5 2. Nf3 Nc6 3. d4 exd4 4. Nxd4 Nf6 5. Nxc6 bxc6 6. Qe2 d6 7. e5 dxe5 8.
Qxe5+ Be6 9. Bd3 Bd6 10. Qa5 h6 11. O-O O-O 12. Nc3 Rb8 13. a3 Ng4 14. h3 Bh2+ 15.
Kh1 Qh4 16. f3 Bd6 17. Ne4 Nf6 18. Nxd6 cxd6 19. Qe1 Qh5 20. b4 Rfe8 21. Qg3 Nd5 22.
Bb2 g6 23. Qxd6 Ne3 24. Qd4 1-0

[Event "*** Titled Tuesday Blitz"]
[Site "Chess.com"]
[Date "2020.05.12"]
[Round "10"]
[White "petincash"]
[Black "korbul"]
[Result "0-1"]
[WhiteElo "2373"]
[BlackElo "2556"]
[TimeControl "180+1"]
[EndTime "11:52:30 PDT"]
[Termination "korbul won on time"]

1. e4 c5 2. Nf3 e6 3. g3 Nc6 4. Bg2 a6 5. O-O Qc7 6. Re1 e5 7. d3 d6 8. a4 h6 9. Nbd2 Nf6 10.
Nc4 g6 11. a5 Bg7 12. c3 O-O 13. Nb6 Rb8 14. h3 Be6 15. Qa4 Rbd8 16. Be3 Nh7 17. b4 cxb4 18. cxb4 f5 19. Nd5 Qf7 20.
Bb6 Rd7 21. Rac1 g5 22. b5 axb5 23. Qxb5 g4 24. Nh4 f4 25. a6 gxh3 26. axb7 Rxb7 27.
Qxc6 hxg2 28. Nf5 Bxd5 29. exd5 Rxb6 30. Qxb6 Qxf5 31. Qxd6 fxg3 32. f3 Qxf3 33. Qe6+ Kh8 34. Rc2 Ng5 0-1

[Event "*** Titled Tuesday Blitz"]
[Site "Chess.com"]
[Date "2020.05.12"]
[Round "10"]
[White "Philos_85"]
[Black "awesomevishesh"]
[Result "1-0"]
[WhiteElo "2322"]
[BlackElo "2429"]
[TimeControl "180+1"]
[EndTime "11:52:32 PDT"]
[Termination "Philos_85 won on time"]

1. d4 Nf6 2. Nf3 d5 3. Bf4 c5 4. e3 Nc6 5. Nbd2 Qb6 6. dxc5 Qxb2 7. Rb1 Qc3 8. Bb5 e6 9. O-O Be7 10. Nd4 Bd7 11. N2b3 Ne4 12. Bd3 e5 13. Nb5 Qb4 14.
Nc7+ Kf8 15. Nxa8 Nc3 16. Qd2 Nxb1 17. Qxb4 Nxb4 18. Bxe5 Na3 19. Nc7 f6 20. Bc3 Naxc2 21.
Bxc2 Nxc2 22. Nxd5 Kf7 23. Rc1 Na3 24. Bb4 Nb5 25.
Nxe7 Be6 26. c6 bxc6 27. Nxc6 1-0

[Event "*** Titled Tuesday Blitz"]
[Site "Chess.com"]
[Date "2020.05.12"]
[Round "10"]
[White "queen_iryna"]
[Black "PIwan"]
[Result "0-1"]
[WhiteElo "2316"]
[BlackElo "2497"]
[TimeControl "180+1"]
[EndTime "11:52:32 PDT"]
[Termination "PIwan won by resignation"]

1. d4 c6 2. e4 d5 3. Nc3 dxe4 4. Nxe4 Bf5 5. Ng3 Bg6 6. h4 h6 7. Nf3 Nd7 8. h5 Bh7 9. Bd3 Bxd3 10. Qxd3 e6 11.
Bd2 Ngf6 12. O-O-O Be7 13. Ne4 Qb6 14. Nxf6+ Nxf6 15. Kb1 c5 16. Be3 O-O 17. g4 Nxg4 18. Rdg1 f5 19. Ne5 Nxe5 20. dxe5 Rad8 21. Qf1 f4 22. Qg2 Bg5 23. Bc1 Rd5 24. Qe4 Rf5 25. Rg4 Rdxe5 26. Qf3 Qc6 27. Qh3 Re2 28. Rh2 Qe4 29. Qb3 c4 30. Qa3 Qxc2+ 0-1

[Event "*** Titled Tuesday Blitz"]
[Site "Chess.com"]
[Date "2020.05.12"]
[Round "10"]
[White "BelaKis"]
[Black "WeAintSurePal"]
[Result "1-0"]
[WhiteElo "2139"]
[BlackElo "2338"]
[TimeControl "180+1"]
[EndTime "11:52:35 PDT"]
[Termination "BelaKis won by resignation"]

1. Nf3 Nf6 2. g3 b6 3. Bg2 Bb7 4. O-O c5 5. d3 d6 6. Nbd2 e6 7. a3 Be7 8. c4 O-O 9. b4 Nc6 10. Bb2 Qd7 11. b5 Nd8 12. a4 e5 13. a5 Rb8 14.
axb6 axb6 15. Ra7 Qc8 16. Qa4 Ne6 17. Ra1 Ra8 18. Ng5 Rxa7 19. Qxa7 Bxg2 20. Kxg2 Nxg5 21.
Qxe7 Qh3+ 22. Kg1 Ng4 23. Nf1 Qh5 24. f3 Nh3+ 25. Kg2 Nf6 26. Bc1 Ng5 27. Bxg5 Qxg5 28. Qxd6 h5 29. Ra6 h4 30. Rxb6 Nh5 31. Rb8 Rxb8 32. Qxb8+ Kh7 33. Qc8 hxg3 34. hxg3 g6 35.
b6 Nf4+ 36. Kf2 Nh3+ 37. Qxh3+ Kg7 38. b7 1-0

[Event "*** Titled Tuesday Blitz"]
[Site "Chess.com"]
[Date "2020.05.12"]
[Round "10"]
[White "Mr_Sinigami"]
[Black "SGchess01"]
[Result "1-0"]
[WhiteElo "2623"]
[BlackElo "2745"]
[TimeControl "180+1"]
[EndTime "11:52:36 PDT"]
[Termination "Mr_Sinigami won by checkmate"]

1. d4 a6 2. Nf3 Nf6 3. Bf4 b6 4. e3 Bb7 5. h3 g6 6. c4 Bg7 7.
Nc3 O-O 8. Bd3 c5 9. O-O cxd4 10. exd4 d5 11. c5 bxc5 12. dxc5 Ne4 13. Na4 Bc6 14. Rc1 Nd7 15. b4 e5 16. Bh2 f5 17. Nb6 Nxb6 18.
cxb6 Qxb6 19. Nxe5 Bb5 20. a4 Bxd3 21. Qxd3 Rad8 22.
Nc6 Rd7 23. a5 Qb7 24. Be5 Bxe5 25. Nxe5 Rd6 26. Qd4 Re8 27. Nd3 Nd2 28. Rfe1 Re4 29. Rxe4 Nxe4 30. Nc5 Qe7 31. Re1 Qa7 32. f3 Nf6 33. Qe5 Qc7 34. Kh1 Qc6 35. Qe7 d4 36. Re6 Rxe6 37. Nxe6 Nh5 38. Qf8# 1-0

[Event "*** Titled Tuesday Blitz"]
[Site "Chess.com"]
[Date "2020.05.12"]
[Round "10"]
[White "Ladislav1969"]
[Black "ZverevLev"]
[Result "1/2-1/2"]
[WhiteElo "2350"]
[BlackElo "2135"]
[TimeControl "180+1"]
[EndTime "11:52:37 PDT"]
[Termination "Game drawn by repetition"]

1. e4 c5 2. d4 cxd4 3. c3 e5 4. Nf3 Nc6 5. Bc4 Bc5 6. Ng5 Nh6 7. Qh5 O-O 8. Nf3 Ng4 9. Ng5 Nh6 10. O-O Be7 11.
Nf3 d5 12. Bxh6 dxc4 13. cxd4 gxh6 14. dxe5 Be6 15. Nc3 Kg7 16. Rad1 Qc8 17. h3 Rg8 18.
Nd5 Kh8 19. Qxh6 Bxh3 20. Nxe7 Nxe7 21. Qf6+ Rg7 22. Ng5 Bxg2 23. Nxf7+ Kg8 24. Nh6+ Kh8 25. Nf7+ Kg8 26. Nh6+ Kh8 27. Nf7+ 1/2-1/2

[Event "*** Titled Tuesday Blitz"]
[Site "Chess.com"]
[Date "2020.05.12"]
[Round "10"]
[White "rynos0411"]
[Black "Morshynska"]
[Result "1-0"]
[WhiteElo "2327"]
[BlackElo "2179"]
[TimeControl "180+1"]
[EndTime "11:52:38 PDT"]
[Termination "rynos0411 won on time"]

1. d4 d5 2. Nf3 Nf6 3. c4 c6 4. cxd5 cxd5 5. Nc3 Nc6 6. Bf4 a6 7. e3 e6 8. Bd3 Bd6 9. Bg3 O-O 10. O-O Bxg3 11.
hxg3 b5 12. Rc1 Bb7 13. a3 Rc8 14. Re1 Na5 15. Ne5 Nc4 16. Qc2 g6 17. Bxc4 bxc4 18.
Na4 Kg7 19. Nc5 Qc7 20. b3 cxb3 21. Qxb3 Ba8 22. Nxe6+ fxe6 23. Rxc7+ Rxc7 24. Qb6 Rfc8 25. Qxe6 Ne4 26. Qxa6 Nd2 27. Qd6 Nc4 28. Qe6 Nxe5 29. Qxe5+ Kg8 30. Kh2 Bb7 31. f3 Ba8 32. e4 Rd7 33.
Qe6+ 1-0

[Event "*** Titled Tuesday Blitz"]
[Site "Chess.com"]
[Date "2020.05.12"]
[Round "10"]
[White "Igor_Lysyj"]
[Black "gahryman"]
[Result "1-0"]
[WhiteElo "2800"]
[BlackElo "2663"]
[TimeControl "180+1"]
[EndTime "11:52:41 PDT"]
[Termination "Igor_Lysyj won by resignation"]

1. d4 Nf6 2. c4 g6 3. Nc3 Bg7 4.
e4 d6 5. Nf3 O-O 6. Be2 e5 7.
O-O exd4 8. Nxd4 Re8 9. f3 c6 10. Kh1 Nbd7 11. Bf4 Nh5 12. Bxd6 Qf6 13. Nc2 Nf4 14. Rf2 h5 15. Bf1 h4 16. Ne3 Ne5 17.
c5 Be6 18. Qc2 b6 19. Re1 Qg5 20. b4 b5 21. Ned1 a5 22. a3 axb4 23. axb4 Ra1 24. Qd2 Bf6 25. Nb2 Ra3 26. Ncd1 Rea8 27. Ne3 Kg7 28.
Ng4 Ra2 29. Nxf6 Qxf6 30. Qc3 Ra1 1-0

[Event "*** Titled Tuesday Blitz"]
[Site "Chess.com"]
[Date "2020.05.12"]
[Round "10"]
[White "mortngabriel"]
[Black "Vuk2000"]
[Result "1-0"]
[WhiteElo "2458"]
[BlackElo "2609"]
[TimeControl "180+1"]
[EndTime "11:52:41 PDT"]
[Termination "mortngabriel won by checkmate"]

1. e4 e6 2. Nf3 d5 3. e5 c5 4.
b4 cxb4 5. a3 bxa3 6. d4 Nc6 7.
c3 Nge7 8. Bd3 Nf5 9. O-O Be7 10.
g4 Nh4 11. Nxh4 Bxh4 12. f4 g6 13. g5 h6 14. Nxa3 hxg5 15. Nb5 g4 16. Nd6+ Kf8 17.
Qxg4 Be7 18. Nxf7 Rh4 19. Qg3 Qe8 20. Bxg6 Bd7 21. f5 exf5 22. Bh6+ Rxh6 23. Nxh6 Bh4 24. Qg2 Qd8 25. Nxf5 Kg8 26. Bf7+ Kxf7 27. Qg7+ Ke6 28. Qg6+ Bf6 29. Ng7+ Ke7 30. Qxf6# 1-0

[Event "*** Titled Tuesday Blitz"]
[Site "Chess.com"]
[Date "2020.05.12"]
[Round "10"]
[White "Duong57"]
[Black "Kotofeyca"]
[Result "0-1"]
[WhiteElo "2274"]
[BlackElo "2439"]
[TimeControl "180+1"]
[EndTime "11:52:41 PDT"]
[Termination "Kotofeyca won by resignation"]

1. d4 d5 2. c4 c6 3. Nf3 Nf6 4. Nc3 dxc4 5. a4 Bg4 6. Ne5 Bh5 7.
Nxc4 e6 8. f3 c5 9. Be3 cxd4 10. Qxd4 Qxd4 11. Bxd4 Nc6 12. Bf2 Bb4 13.
e4 Ke7 14. Be2 Rhd8 15. O-O Bxc3 16. bxc3 Nxe4 17. fxe4 Bxe2 18. Bc5+ Ke8 19. Nd6+ Rxd6 20. Bxd6 Bxf1 21. Rxf1 Rd8 22. e5 f5 23. Rb1 b6 24.
Kf2 Rc8 25. Rd1 Na5 26. Rd3 Nc4 27. Kf3 Nxd6 28. exd6 Kd7 29. Kf4 Rc5 30. h4 g6 31. g3 e5+ 32. Kg5 e4 33. Re3 Kxd6 34.
h5 Ke5 35. hxg6 hxg6 36. Kxg6 Rc4 37. Kg5 Rxa4 38. Re2 Ra3 39. g4 f4 40. Kh5 f3 41.
Re1 Kf4 42. g5 f2 43. Rf1 e3 44. g6 Ra5+ 0-1

[Event "*** Titled Tuesday Blitz"]
[Site "Chess.com"]
[Date "2020.05.12"]
[Round "10"]
[White "canary2016"]
[Black "Perecke"]
[Result "0-1"]
[WhiteElo "1954"]
[BlackElo "2202"]
[TimeControl "180+1"]
[EndTime "11:52:42 PDT"]
[Termination "Perecke won by checkmate"]

1. Nf3 d5 2. c4 d4 3. b4 Nf6 4. Bb2 c5 5. g3 Bf5 6. Bg2 g6 7. O-O Bg7 8. Re1 O-O 9. bxc5 Nc6 10. d3 e5 11. Nbd2 Re8 12. e4 dxe3 13. Rxe3 Nd7 14.
Ne4 Bxe4 15. Rxe4 Nxc5 16. Re3 Qd7 17. Ba3 Ne6 18. Rb1 Ned4 19. Bc5 Rad8 20. Nxd4 exd4 21. Rxe8+ Rxe8 22. Qd2 b6 23. Ba3 Ne5 24. Re1 Qe6 25. Rb1 Qf5 26. Be4 Qxe4 27. Qb2 Qxd3 28. Qb5 Nf3+ 29. Kg2 Qe4 30. Kf1 Qxb1+ 31. Qxb1 Nd2+ 32. Kg2 Nxb1 33. Bb4 d3 34. Kf3 Bc3 35. Bd6 d2 36. Bf4 d1=Q+ 37. Kg2 Re1 38. Bc7 Rg1+ 39. Kh3 Qh5# 0-1

[Event "*** Titled Tuesday Blitz"]
[Site "Chess.com"]
[Date "2020.05.12"]
[Round "10"]
[White "pfalcon1949"]
[Black "pooh2012"]
[Result "0-1"]
[WhiteElo "1998"]
[BlackElo "2452"]
[TimeControl "180+1"]
[EndTime "11:52:42 PDT"]
[Termination "pooh2012 won by resignation"]

1. d4 d5 2. c4 dxc4 3. e4 e5 4. Bxc4 Qxd4 5. Qb3 Qxe4+ 6. Ne2 Qg6 7. Nbc3 Bd6 8. h4 h5 9. Bg5 Nd7 10. O-O-O Nc5 11.
Qb5+ Bd7 12. Bd3 Bxb5 13. Bxg6 Bxe2 14. Bxf7+ Kxf7 15. Nxe2 Nf6 16. Ng3 Ne6 17. Be3 Rad8 18. Kb1 Bc5 19. Bd2 Bxf2 20. Ne2 Ne4 21. Bc1 Rxd1 22.
Rxd1 Rd8 23. Rf1 Kg6 24. a3 Bxh4 25. g3 Bg5 26. Bxg5 N6xg5 27. Rg1 0-1

[Event "*** Titled Tuesday Blitz"]
[Site "Chess.com"]
[Date "2020.05.12"]
[Round "10"]
[White "pirulillo"]
[Black "Gerodot71"]
[Result "0-1"]
[WhiteElo "2205"]
[BlackElo "2407"]
[TimeControl "180+1"]
[EndTime "11:52:43 PDT"]
[Termination "Gerodot71 won by resignation"]

1. e4 e5 2. Bc4 Nf6 3. d3 c6 4. Nf3 d5 5. Bb3 Nbd7 6. Nc3 dxe4 7. Ng5 Nc5 8. Ncxe4 Nxb3 9. axb3 Be7 10. O-O O-O 11. Nxf6+ Bxf6 12. Qh5 Bxg5 13. Bxg5 f6 14. Be3 Qe8 15. Qxe8 Rxe8 16. Rxa7 Rxa7 17. Bxa7 Be6 18. Be3 Ra8 19. f4 exf4 20. Rxf4 Ra2 21. Bd4 Ra1+ 22.
Kf2 Rc1 23. Kg3 Rxc2 24. Rf2 Rc1 25. Bc3 Bxb3 26. Kf4 Bd5 27. g4 h6 28. h4 Rd1 29.
Ke3 Rh1 30. g5 Rh3+ 31. Kd4 Rxh4+ 32. Kc5 hxg5 33. Kd6 Kf7 0-1

[Event "*** Titled Tuesday Blitz"]
[Site "Chess.com"]
[Date "2020.05.12"]
[Round "10"]
[White "zurzan"]
[Black "HunterBRR"]
[Result "0-1"]
[WhiteElo "1957"]
[BlackElo "2014"]
[TimeControl "180+1"]
[EndTime "11:52:43 PDT"]
[Termination "HunterBRR won by checkmate"]

1. f4 d5 2. Nf3 Nf6 3. g3 c5 4.
Bg2 Nc6 5. O-O e6 6. d3 Be7 7. Qe1 O-O 8. c3 Bd7 9. e4 dxe4 10. dxe4 Qc7 11. Nbd2 b5 12. a3 b4 13. axb4 cxb4 14. c4 Bc5+ 15. Kh1 Nd4 16. Nxd4 Bxd4 17. e5 Ng4 18. Bxa8 Rxa8 19. Nf3 Bc6 20. h3 Qb7 21. Kg2 Bxf3+ 22. Rxf3 Nh2 23. Qe2 Nxf3 24. Qxf3 Qxf3+ 25. Kxf3 Rd8 26. b3 Bxa1 27. Be3 Bd4 28. Bd2 Bc3 29.
Be3 a5 30. Bb6 Ra8 31. c5 a4 32. bxa4 b3 33. c6 b2 34. a5 b1=Q 35. c7 Qd3+ 36. Kg4 h5+ 37. Kg5 Qf5+ 38. Kh4 g5+ 39. fxg5 Qe4+ 40. Kxh5 Kg7 41. g4 Rh8# 0-1

[Event "*** Titled Tuesday Blitz"]
[Site "Chess.com"]
[Date "2020.05.12"]
[Round "10"]
[White "IriBu"]
[Black "Kolle05"]
[Result "1-0"]
[WhiteElo "2546"]
[BlackElo "2402"]
[TimeControl "180+1"]
[EndTime "11:52:44 PDT"]
[Termination "IriBu won by checkmate"]

1. e4 c5 2. Nf3 d6 3. d4 cxd4 4. Nxd4 Nf6 5. Nc3 a6 6. h3 e6 7. Be3 Be7 8. g4 Nfd7 9. Qd2 Qc7 10. O-O-O Nc6 11. g5 b5 12. a3 Bb7 13. h4 Nce5 14. h5 Nb6 15. f3 Nec4 16. Bxc4 Nxc4 17. Qd3 Nxe3 18. Qxe3 O-O-O 19. g6 hxg6 20. hxg6 Bf6 21. Rxh8 Rxh8 22. Ndxb5 axb5 23. Nxb5 Qe7 24. Nxd6+ Kb8 25. e5 Bh4 26. gxf7 Qg5 27. f4 Qg3 28. Qd4 g5 29.
Nxb7 Kxb7 30. Qd7+ Kb8 31. Qe8+ Rxe8 32. fxe8=Q+ Kb7 33. Qd7+ Ka6 34. Rd6+ Ka5 35. b4# 1-0

[Event "*** Titled Tuesday Blitz"]
[Site "Chess.com"]
[Date "2020.05.12"]
[Round "10"]
[White "NastaJ"]
[Black "2165149677570"]
[Result "0-1"]
[WhiteElo "1975"]
[BlackElo "2235"]
[TimeControl "180+1"]
[EndTime "11:52:44 PDT"]
[Termination "2165149677570 won by resignation"]

1. e4 g6 2. d4 Nf6 3. Nc3 d5 4.
e5 Ne4 5. Bd3 Nxc3 6. bxc3 c5 7.
Nf3 c4 8. Be2 Qa5 9. Bd2 Qa4 10.
O-O Bf5 11. Ne1 h5 12. Qb1 b6 13. Qb4 Qxb4 14. cxb4 Nc6 15. c3 a5 16. b5 Na7 17.
a4 e6 18. h3 h4 19. Bg5 Be7 20. Bxe7 Kxe7 21. Nf3 Rag8 22. Ra2 g5 23. Nh2 Kd7 24. Bg4 Nc8 25. Re1 Ne7 26. Re3 Ng6 27. Rf3 Nf4 28. g3 hxg3 29. fxg3 Nxh3+ 30. Bxh3 Rxh3 31. Kg2 Rgh8 32. Kg1 g4 33. Raf2 0-1

[Event "*** Titled Tuesday Blitz"]
[Site "Chess.com"]
[Date "2020.05.12"]
[Round "10"]
[White "vladimir_petrov"]
[Black "FGHSMN"]
[Result "0-1"]
[WhiteElo "2313"]
[BlackElo "2492"]
[TimeControl "180+1"]
[EndTime "11:52:45 PDT"]
[Termination "FGHSMN won on time"]

1. e4 c5 2. Nf3 d6 3. d4 cxd4 4. Nxd4 Nf6 5. Nc3 a6 6. Be3 e5 7. Nb3 Be6 8. h3 Be7 9. f4 exf4 10. Bxf4 Nc6 11. Qe2 Nd7 12. O-O-O Nce5 13. g4 O-O 14. Kb1 Rc8 15. Nd4 Rxc3 16. bxc3 Qa5 17. Nxe6 fxe6 18.
Bc1 Nc5 19. Rd4 Nc6 20. Bb2 Nxd4 21. cxd4 Na4 22. Qc4 d5 23. exd5 exd5 24. Qe2 Qb4 25. Qe6+ Kh8 26. Kc1 Qxb2+ 27. Kd2 Qxd4+ 28. Bd3 Bb4+ 0-1

[Event "*** Titled Tuesday Blitz"]
[Site "Chess.com"]
[Date "2020.05.12"]
[Round "10"]
[White "Escanor89"]
[Black "Generalas"]
[Result "1-0"]
[WhiteElo "2556"]
[BlackElo "2379"]
[TimeControl "180+1"]
[EndTime "11:52:46 PDT"]
[Termination "Escanor89 won by checkmate"]

1. c4 Nf6 2. Nc3 e6 3. e4 d5 4. e5 d4 5. exf6 dxc3 6. bxc3 Qxf6 7. Nf3 e5 8. Bd3 Bg4 9. Be4 c6 10. O-O Nd7 11. d4 Bd6 12. Qd3 Bxf3 13. Bxf3 O-O 14.
Re1 Rfe8 15. Bd2 Rad8 16. Rab1 Bb8 17. Qc2 exd4 18. Rxe8+ Rxe8 19. cxd4 Qxd4 20. Rxb7 Ne5 21. Be2 Ng6 22. Bf1 Bxh2+ 23. Kxh2 Qxf2 24. Qd3 Qh4+ 25. Kg1 Rd8 26. Qf3 Rxd2 27. Qxf7+ Kh8 28. Qxg7# 1-0

[Event "*** Titled Tuesday Blitz"]
[Site "Chess.com"]
[Date "2020.05.12"]
[Round "10"]
[White "14Sokol88"]
[Black "viktorskliarov"]
[Result "1-0"]
[WhiteElo "2399"]
[BlackElo "2557"]
[TimeControl "180+1"]
[EndTime "11:52:48 PDT"]
[Termination "14Sokol88 won by resignation"]

1. e4 c5 2. Nf3 Nc6 3. d4 cxd4 4. Nxd4 Nf6 5. Nc3 e5 6. Ndb5 d6 7. Bg5 a6 8. Na3 b5 9. Nd5 Be7 10. Bxf6 Bxf6 11. c3 Bg5 12. Nc2 O-O 13. a4 bxa4 14. Rxa4 a5 15. Bc4 Rb8 16. Ra2 g6 17. O-O Kh8 18.
Kh1 f5 19. exf5 gxf5 20. f4 exf4 21. Nxf4 Ne5 22. Ne6 Bxe6 23. Bxe6 f4 24. Nd4 Qf6 25. Bd5 Rbe8 26. Rxa5 Qh6 27. Nc6 f3 28. Bxf3 Nxf3 29. Rxf3 Rxf3 30. gxf3 Bf4 31. Qd4+ Kg8 32. Qg1+ Kf8 33.
Rf5+ 1-0

[Event "*** Titled Tuesday Blitz"]
[Site "Chess.com"]
[Date "2020.05.12"]
[Round "10"]
[White "AniJak"]
[Black "tamarozi99"]
[Result "0-1"]
[WhiteElo "2196"]
[BlackElo "1999"]
[TimeControl "180+1"]
[EndTime "11:52:49 PDT"]
[Termination "tamarozi99 won by resignation"]

1. e4 c5 2. Nc3 Nc6 3. g3 g6 4.
Bg2 Bg7 5. d3 d6 6. Nh3 e6 7. O-O Nge7 8. f4 f5 9. Be3 O-O 10. e5 dxe5 11. Bxc5 exf4 12. Nxf4 Qa5 13. Bf2 e5 14. Nfd5 Be6 15. Nxe7+ Nxe7 16. Qe2 Rad8 17. a3 Nd5 18. Nxd5 Bxd5 19. Bxd5+ Rxd5 20. Rfe1 Qc7 21. c3 Rfd8 22. Rad1 Qd6 23. Bxa7 e4 24. Be3 exd3 25. Qd2 Re8 26. Bf2 Re2 27. Qg5 h6 28. Qh4 Rxe1+ 29. Bxe1 d2 30. Bf2 Re5 31. Qc4+ Kh7 32. Qd4 Re1+ 0-1